Map: Winter's Gate LE

Players

Bly - Winner!

  • Race: Zerg Zerg
  • Spawn Location: 11:00

Cham

  • Race: Zerg Zerg
  • Spawn Location: 5:00

VOD

Have the link to the VOD?

Description

Time

  • Played on: Sept. 6, 2019, 5:30 p.m.
  • Length: 7:11
Show
View Real Time Build Order
Export as new Build Order

Bly Zerg - Winner!

Build Orders: Pool First 

Get SALT Encoding   

  12  0:17  Spawning Pool  
  11  0:22  Drone  
  11  0:26  Drone  
  13  0:31  Drone  
  14  0:42  Overlord  
  14  1:04  Zergling x4  
  16  1:05  Zergling x2  
  17  1:15  Zergling x2  
  17  1:18  Hatchery  
  17  1:26  Zergling x2  
  18  1:33  Queen  
  20  1:43  Zergling x2  
  21  1:49  Overlord  
  21  2:01  Drone  
  22  2:09  Queen  
  22  2:10  Drone  
  25  2:21  Drone  
  25  2:33  Drone x2, Queen  
  26  2:49  Drone x4  
  30  2:51  Queen  
  30  2:53  Extractor  
  30  3:02  Overlord  
  30  3:08  Drone  
  30  3:09  Drone  
  32  3:17  Drone x2  
  33  3:24  Drone x3  
  33  3:25  Drone x3  
  39  3:39  Roach Warren  
  38  3:42  Evolution Chamber  
  38  3:48  Drone x5  
  41  3:54  Extractor  
  41  3:55  Overlord  
  41  4:03  Evolution Chamber  
  41  4:06  Drone x4  
  44  4:10  Lair  
  44  4:14  Overlord  
  44  4:15  Drone  
  45  4:18  Extractor  
  45  4:22  Overlord  
  44  4:31  Zerg Missile Weapons Level 1  
  44  4:36  Overlord  
  44  4:38  Drone x3  
  47  4:40  Drone x3  
  47  4:44  Overlord  
  50  4:57  Overlord  
  50  4:58  Drone  
  50  4:59  Drone x3, Extractor  
  53  5:10  Roach x5  
  53  5:13  Nydus Network  
  62  5:17  Roach  
  64  5:25  Roach  
  64  5:26  Roach x3  
  72  5:40  Hatchery  
  71  5:45  Roach x4  
  79  5:55  Nydus Canal  
  79  5:56  Roach x3  
  85  6:05  Roach x3  
  85  6:07  Overlord  
  85  6:09  Nydus Canal  
  91  6:16  Overlord  
  91  6:26  Nydus Canal  
  91  6:29  Roach x3  
  97  6:40  Overlord  
  95  6:48  Roach x4  
  91  7:10  Nydus Canal  
Show
View Real Time Build Order
Export as new Build Order

Cham Zerg 

Build Orders: Hatch First 

Get SALT Encoding   

  12  0:01  Drone  
  13  0:08  Drone  
  14  0:17  Overlord  
  14  0:35  Drone x2  
  16  0:47  Hatchery  
  15  0:51  Drone  
  15  0:56  Drone  
  17  1:09  Spawning Pool  
  16  1:12  Drone  
  16  1:15  Extractor  
  16  1:17  Drone  
  17  1:22  Drone  
  18  1:29  Drone  
  19  1:45  Drone  
  20  1:53  Drone  
  21  1:59  Queen  
  21  2:00  Zergling x2  
  26  2:02  Zergling x2  
  27  2:10  Spine Crawler  
  27  2:15  Zergling x4  
  26  2:37  Metabolic Boost  
  26  2:52  Hatchery  
  25  3:12  Hatchery  
  24  3:18  Overlord  
  24  3:25  Overlord  
  24  3:36  Overlord  
  24  3:42  Drone x2  
  24  3:47  Queen  
  28  3:52  Drone  
  29  3:56  Drone  
  29  4:01  Drone  
  31  4:03  Drone  
  31  4:05  Drone x2  
  34  4:15  Drone x2  
  34  4:17  Evolution Chamber  
  34  4:25  Drone  
  34  4:27  Drone  
  34  4:28  Drone x3  
  39  4:31  Overlord  
  39  4:36  Drone  
  39  4:38  Drone  
  41  4:41  Drone  
  42  4:47  Zerg Ground Armor Level 1  
  42  4:49  Drone x2  
  44  4:54  Roach Warren  
  44  4:58  Drone x2  
  45  5:01  Drone  
  45  5:03  Drone x2  
  45  5:05  Drone  
  49  5:08  Drone, Extractor  
  49  5:09  Extractor  
  49  5:14  Zergling x8  
  52  5:24  Lair  
  52  5:26  Extractor  
  51  5:29  Overlord  
  51  5:30  Zergling x6  
  51  5:32  Drone x3  
  51  5:35  Overlord  
  57  5:37  Roach  
  57  5:38  Roach  
  61  5:48  Overlord  
  65  5:50  Roach x2  
  65  5:52  Overlord  
  65  5:55  Overlord  
  65  5:58  Roach x2  
  65  6:02  Roach  
  71  6:06  Roach x2  
  75  6:11  Overlord  
  75  6:13  Roach  
  77  6:19  Roach x2  
  77  6:20  Roach  
  77  6:22  Roach  
  77  6:25  Roach  
  87  6:31  Roach  
  88  6:40  Roach  
  88  6:44  Overlord  
  88  6:45  Overlord x2  
  86  6:54  Zergling x2  
Tags
 
Add a new tag
Caveats
  • Supply blocks, unpowered buildings, or Contaminate may cause inaccurate times.
  • Supply counts are checked every 10 seconds.